 Dungeon Crawl Stone Soup version 0.32-a0-747-gc8563f6773 (webtiles) character file.

Game seed: 14436565642205795553

28446 sleeves the Impaler (level 13, -9/112 HPs)
             Began as a Merfolk Shapeshifter on Mar 17, 2024.
             Was an Elder of Fedhas.
             Mangled by a catoblepas (32 damage)
             ... on level 3 of the Lair of Beasts.
             The game lasted 00:35:48 (20455 turns).

sleeves the Impaler (Merfolk Shapeshifter)         Turns: 20455, Time: 00:35:48

Health: -9/112     AC:  8    Str: 19    XL:     13   Next: 38%
Magic:  19/19      EV: 16    Int: 12    God:    Fedhas [****..]
Gold:   1049       SH:  4    Dex: 14    Spells: 12/12 levels left

rFire   . . .        M - +6 trident
rCold   . . .        C - +0 buckler
rNeg    . . .        L - +0 swamp dragon scales
rPois   +            y - +0 hat {Int+3}
rElec   .            (no cloak)
rCorr   +            (no gloves)
SInv    .            x - +0 pair of boots
Will    +....        (no amulet)
Stlth   +            S - ring of resist corrosion
HPRegen 0.38/turn    Q - ring of willpower
MPRegen 0.16/turn

%: no passive effects
@: no status effects
A: (nimble swimmer 2), mertail
a: Renounce Religion, Wall of Briars, Grow Ballistomycete, Overgrow


You were on level 3 of the Lair of Beasts.
You worshipped Fedhas.
Fedhas was greatly pleased with you.
You visited 3 branches of the dungeon, and saw 17 of its levels.

You collected 1131 gold pieces.
You spent 82 gold pieces at shops.

Inventory:

Hand Weapons
 r - a +1 trident of pain
   (You found it on level 4 of the Dungeon)
 A - a +4 spear of freezing
   (You took it off a wight on level 6 of the Dungeon)
 F - a +3 halberd
   (You found it on level 7 of the Dungeon)
 K - a +2 trident of draining
   (You took it off Jeremiah on level 8 of the Dungeon)
 M - a +6 trident (weapon)
   (You took it off an orc warrior on level 9 of the Dungeon)
 P - a +4 scimitar of flaming
   (You took it off Erica on level 10 of the Dungeon)
Missiles
 a - 21 boomerangs
 e - 6 poisoned darts (quivered)
Armour
 x - a +0 pair of boots (worn)
   (You found it on level 5 of the Dungeon)
 y - a +0 hat of intelligence (worn)
   (You found it on level 5 of the Dungeon)
 z - a +1 ring mail of cold resistance
   (You found it on level 5 of the Dungeon)
 C - a +0 buckler (worn)
   (You took it off a gnoll sergeant on level 5 of the Dungeon)
 G - +0 acid dragon scales
   (You found it on level 7 of the Dungeon)
 L - +0 swamp dragon scales (worn)
   (You took it off Maggie on level 8 of the Dungeon)
Jewellery
 O - a +6 ring of intelligence
   (You found it on level 10 of the Dungeon)
 Q - a ring of willpower (right hand)
   (You took it off Erica on level 10 of the Dungeon)
 S - a ring of resist corrosion (left hand)
   (You found it on level 11 of the Dungeon)
 T - a ring of protection from cold
   (You found it on level 12 of the Dungeon)
Talismans
 c - a beast talisman
 d - a flux talisman
Wands
 g - a wand of light (3)
   (You found it on level 1 of the Lair of Beasts)
 k - a wand of flame (10)
   (You found it on level 2 of the Dungeon)
 D - a wand of charming (6)
   (You found it on level 6 of the Dungeon)
 I - a wand of iceblast (10)
   (You found it on level 12 of the Dungeon)
 V - a wand of polymorph (4)
   (You took it off an orc on level 12 of the Dungeon)
Scrolls
 f - 2 scrolls of silence
 j - 7 scrolls of teleportation
 l - 4 scrolls of noise
 m - 2 scrolls of revelation
 n - 6 scrolls of immolation
 o - 3 scrolls of vulnerability
 t - a scroll of enchant weapon {unknown}
 w - 3 scrolls of amnesia
 B - a scroll of summoning
 E - a scroll of blinking {unknown}
 H - 3 scrolls of enchant armour
 N - 2 scrolls of poison {unknown}
 U - 2 scrolls of fear
Potions
 b - 3 potions of lignification
 h - a potion of cancellation {unknown}
 i - 4 potions of enlightenment
 p - 2 potions of might {unknown}
 q - 3 potions of brilliance {unknown}
 s - a potion of attraction {unknown}
 u - 6 potions of curing
 v - 2 potions of degeneration {unknown}
 J - 3 potions of heal wounds {unknown}
 R - a potion of haste {unknown}


   Skills:
 + Level 13.8 Fighting
 - Level 16.0 Polearms
 - Level 15.0 Dodging
 - Level 3.2 Unarmed Combat
 + Level 8.5 Invocations
 - Level 4.0 Shapeshifting


You had 12 spell levels left.
You didn't know any spells.
Your spell library contained the following spells:

 Spells                   Type           Power      Damage    Failure   Level
 Kiss of Death            Conj/Necr      0%         2d5       58%         1
 Sting                    Conj/Alch      0%         1d3       58%         1
 Ensorcelled Hibernation  Hex/Ice        0%         N/A       75%         2
 Mercury Vapours          Alch/Air       0%         N/A       75%         2
 Passwall                 Erth           0%         N/A       92%         3
 Swiftness                Air            0%         N/A       92%         3
 Cause Fear               Hex            0%         N/A       100%        4
 Olgreb's Toxic Radiance  Alch           0%         N/A       100%        4
 Fireball                 Conj/Fire      0%         3d3       100%        5
 Metabolic Englaciation   Hex/Ice        0%         N/A       100%        5
 Enfeeble                 Hex            0%         N/A       100%        7
 Dragon's Call            Summ           0%         N/A       100%        9


Dungeon Overview and Level Annotations

Branches:
Dungeon (13/15)            Temple (1/1) D:7            Lair (2/5) D:10
 Spider (0/4) Lair:3          Orc (0/2) D:12
  Swamp: Lair:2-3    Shoals: Lair:2-3    Vaults: D:13-14

Altars:
Ashenzari
Cheibriados
Dithmenos
Elyvilon
Fedhas
Gozag
Hepliaklqana
Kikubaaqudgha
Makhleb
Nemelex Xobeh
Okawaru
Qazlal
Ru
Sif Muna
Trog
Uskayaw
Vehumet
Wu Jian
Xom
Yredelemnul
Zin
The Shining One

Shops:
D:2 (   D:5 *   D:6 [   D:8 :

Portals:
Trove: D:12 (give 4 scrolls of blinking)
Volcano: Lair:3


Innate Abilities, Weirdness & Mutations

((You are very nimble when in or above water. (Stealth+, EV+, Speed+++)))
Your lower body shifts to a powerful aquatic tail in water.


Message History

You are engulfed in calcifying dust.
The catoblepas misses you.
You hit the catoblepas but do no damage.
You tail-slap the catoblepas, but do no damage.
The catoblepas is lightly wounded.
The catoblepas roars fiercely, eyes lowered.
The catoblepas breathes a plume of calcifying dust at you.
The blast of calcifying dust hits you.
Your +0 pair of boots unmelds from your body.
The catoblepas barely misses you.
You hit the catoblepas.
The catoblepas is moderately wounded.
You hit the catoblepas but do no damage.
The catoblepas is moderately wounded.
The catoblepas gores you!!
The catoblepas attacks as it pursues you!
The catoblepas gores you!!
* * * LOW HITPOINT WARNING * * *
Your legs become a tail as you enter the water.
Your +0 pair of boots melds into your body.
Your +0 pair of boots unmelds from your body.
You are too injured to fight recklessly!
You are too injured to fight recklessly!
Reach: M) +6 trident
Press: ? - help, Dir - move target, f - catoblepas
Aim: a catoblepas (lightly wounded, about 7% to evade your +6 trident)
You reach to attack!
You hit the catoblepas but do no damage.
The catoblepas is lightly wounded.
Reach: M) +6 trident
Press: ? - help, Dir - move target, f/p - catoblepas
Aim: a catoblepas (lightly wounded, about 7% to evade your +6 trident)
You reach to attack!
You hit the catoblepas.
The catoblepas is moderately wounded.
Reach: M) +6 trident
Press: ? - help, Dir - move target, f/p - catoblepas
Aim: a catoblepas (moderately wounded, about 7% to evade your +6 trident)
You reach to attack!
You puncture the catoblepas!
The catoblepas is moderately wounded.
Reach: M) +6 trident
Press: ? - help, Dir - move target, f/p - catoblepas
Aim: a catoblepas (moderately wounded, about 7% to evade your +6 trident)
You reach to attack!
You puncture the catoblepas!
The catoblepas is heavily wounded.
Reach: M) +6 trident
Press: ? - help, Dir - move target, f/p - catoblepas
Aim: a catoblepas (heavily wounded, about 7% to evade your +6 trident)
You reach to attack!
You puncture the catoblepas!
The catoblepas is heavily wounded.
Reach: M) +6 trident
Press: ? - help, Dir - move target, f/p - catoblepas
Aim: a catoblepas (heavily wounded, about 7% to evade your +6 trident)
You reach to attack!
You puncture the catoblepas!
The catoblepas is severely wounded.
Reach: M) +6 trident
Press: ? - help, Dir - move target, f/p - catoblepas
Aim: a catoblepas (severely wounded, about 7% to evade your +6 trident)
You reach to attack!
You puncture the catoblepas!
The catoblepas is severely wounded.
Reach: M) +6 trident
Press: ? - help, Dir - move target, f/p - catoblepas
Aim: a catoblepas (severely wounded, about 7% to evade your +6 trident)
You reach to attack!
You hit the catoblepas.
The catoblepas is almost dead.
Reach: M) +6 trident
Press: ? - help, Dir - move target, f/p - catoblepas
Aim: a catoblepas (almost dead, about 7% to evade your +6 trident)
You reach to attack!
You hit the catoblepas.
The catoblepas is almost dead.
Reach: M) +6 trident
Press: ? - help, Dir - move target, f/p - catoblepas
Aim: a catoblepas (almost dead, about 7% to evade your +6 trident)
You reach to attack!
You hit the catoblepas but do no damage.
The catoblepas is almost dead.
Reach: M) +6 trident
Press: ? - help, Dir - move target, f/p - catoblepas
Aim: a catoblepas (almost dead, about 7% to evade your +6 trident)
You reach to attack!
You puncture the catoblepas!
The catoblepas is almost dead.
Reach: M) +6 trident
Press: ? - help, Dir - move target, f/p - catoblepas
Aim: a catoblepas (almost dead, about 7% to evade your +6 trident)
You reach to attack!
You puncture the catoblepas!
You kill the catoblepas!
Fedhas appreciates your contribution to the ecosystem.
Your Fighting skill increases to level 13!
Magic restored.
You now have 791 gold pieces (gained 14).
Your legs become a tail as you enter the water.
Your +0 pair of boots melds into your body.
Your +0 pair of boots unmelds from your body.
You now have 809 gold pieces (gained 18).
You now have 821 gold pieces (gained 12).
You now have 849 gold pieces (gained 28).
There is a cache of fruit here.
You reach down and sample a mango.
Yummy.
You now have 882 gold pieces (gained 33).
g - a wand of light (5)
You now have 898 gold pieces (gained 16).
You now have 905 gold pieces (gained 7).
Your legs become a tail as you enter the water.
Your +0 pair of boots melds into your body.
Your +0 pair of boots unmelds from your body.
Your legs become a tail as you enter the water.
Your +0 pair of boots melds into your body.
Your +0 pair of boots unmelds from your body.
You see here a catoblepas corpse.
Your legs become a tail as you enter the water.
Your +0 pair of boots melds into your body.
Your +0 pair of boots unmelds from your body.
Your legs become a tail as you enter the water.
Your +0 pair of boots melds into your body.
Your +0 pair of boots unmelds from your body.
Your legs become a tail as you enter the water.
Your +0 pair of boots melds into your body.
Your +0 pair of boots unmelds from your body.
A basilisk comes into view.
The basilisk hisses angrily.
A basilisk is nearby!
A basilisk is nearby!
You reach to attack!
You barely miss the basilisk.
You reach to attack!
You hit the basilisk.
The basilisk is lightly wounded.
You puncture the basilisk!
The basilisk is moderately wounded.
The basilisk bites you but does no damage.
You closely miss the basilisk.
The basilisk is moderately wounded.
You hit the basilisk.
The basilisk is moderately wounded.
The basilisk gazes at you. You resist with almost no effort.
You impale the basilisk!!
The basilisk is almost dead.
You barely miss the basilisk.
The basilisk is almost dead.
The basilisk barely misses you.
You puncture the basilisk!
You kill the basilisk!
Fedhas appreciates your contribution to the ecosystem.
No target in view!
No target in view!
A blink frog comes into view.
The blink frog blinks!
You see here a basilisk corpse.
There are monsters nearby!
There are monsters nearby!
The blink frog blinks!
Your legs become a tail as you enter the water.
Your +0 pair of boots melds into your body.
You hit the cane toad.
Your tail-slap misses the cane toad.
The cane toad is lightly wounded.
You puncture the cane toad!
Your tail-slap misses the cane toad.
The cane toad is moderately wounded.
You block the cane toad's attack.
You hit the cane toad.
The cane toad is heavily wounded.
You block the cane toad's attack.
You hit the cane toad.
The cane toad is severely wounded.
The cane toad stings you but does no damage.
You puncture the cane toad!
The cane toad is almost dead.
The cane toad stings you!
You puncture the cane toad!
You kill the cane toad!
Fedhas appreciates your contribution to the ecosystem.
Your Invocations skill increases to level 7!
You impale the blink frog!!
The blink frog is almost dead.
The blink frog blinks!
You reach to attack!
You barely miss the blink frog.
The blink frog is almost dead.
The blink frog blinks!
Your +0 pair of boots unmelds from your body.
You reach to attack!
You puncture the blink frog!
You kill the blink frog!
Fedhas appreciates your contribution to the ecosystem.
No target in view!
No target in view!
No target in view!
A blink frog comes into view.
The blink frog croaks.
You reach to attack!
You barely miss the blink frog. You closely miss the blink frog.
The blink frog barely misses you.
You impale the blink frog!!
The blink frog is heavily wounded.
The blink frog blinks!
You reach to attack!
You miss the blink frog.
The blink frog is heavily wounded.
You closely miss the blink frog.
The blink frog is heavily wounded.
The blink frog hits you but does no damage.
You puncture the blink frog!
You kill the blink frog!
Fedhas appreciates your contribution to the ecosystem.
No target in view!
No target in view!
A wolf comes into view.
Found 18 gold pieces.
The wolf howls!
A wolf is nearby!
A wolf is nearby! 2 wolves come into view.
The wolf howls!
You hear a bellow! x2; You hear a howl!
You reach to attack!
You closely miss the wolf. You barely miss the wolf.
The wolf barely misses you.
You hit the wolf but do no damage. The wolf bites you but does no damage.
You miss the wolf. The wolf closely misses you.
You barely miss the wolf. The wolf bites you. The wolf barely misses you.
You closely miss the wolf.
A wolf comes into view.
The wolf bites you. The wolf barely misses you.
You miss the wolf. You block the wolf's attack.
The wolf bites you but does no damage. You block the wolf's attack.
You puncture the wolf!
The wolf is heavily wounded.
A wolf comes into view.
You block the wolf's attack. The wolf bites you but does no damage.
You block the wolf's attack.
The wolf howls!
You hit the wolf but do no damage.
The wolf is heavily wounded.
You block the wolf's attack. The wolf completely misses you.
The wolf closely misses you.
You cannot walk through the dense trees.
Your legs become a tail as you enter the water.
Your +0 pair of boots melds into your body.
The wolf attacks as it pursues you! You block the wolf's attack.
The wolf completely misses you.
You puncture the wolf!
Your tail-slap misses the wolf.
The wolf is heavily wounded.
The wolf completely misses you.
You reach to attack!
You barely miss the wolf.
The wolf is heavily wounded.
You reach to attack!
You impale the wolf!!
You kill the wolf!
Fedhas appreciates your contribution to the ecosystem.
You reach to attack!
You hit the wolf but do no damage.
The wolf is heavily wounded.
You barely miss the wolf.
The wolf is heavily wounded.
The wolf misses you.
You puncture the wolf!
You kill the wolf!
Fedhas appreciates your contribution to the ecosystem.
You reach to attack!
You puncture the wolf!
The wolf is moderately wounded.
You reach to attack!
You puncture the wolf!
The wolf is almost dead.
You reach to attack!
You puncture the wolf!
You kill the wolf!
Fedhas appreciates your contribution to the ecosystem.
You reach to attack!
You miss the wolf.
You reach to attack!
You barely miss the wolf.
You reach to attack!
You puncture the wolf!
The wolf is heavily wounded.
You miss the wolf.
The wolf is heavily wounded.
The wolf completely misses you.
You barely miss the wolf.
The wolf is heavily wounded.
The wolf barely misses you.
You barely miss the wolf.
The wolf is heavily wounded.
The wolf closely misses you.
You puncture the wolf!
You kill the wolf!
Fedhas appreciates your contribution to the ecosystem.
You reach to attack!
You miss the wolf.
You reach to attack!
You impale the wolf!!
The wolf is almost dead.
You reach to attack!
You closely miss the wolf.
The wolf is almost dead.
You reach to attack!
You puncture the wolf!
You kill the wolf!
Fedhas appreciates your contribution to the ecosystem.
No target in view!
No target in view!
No target in view!
No target in view!
No target in view!
No target in view!
No target in view!
No target in view!
No target in view!
No target in view!
No target in view!
No target in view!
No target in view!
No target in view!
No target in view!
No target in view!
No target in view!
Your +0 pair of boots unmelds from your body.
A yak comes into view.
The yak bellows!
You hear a bellow! x2
A yak comes into view.
There are monsters nearby!
There are monsters nearby!
The yak bellows!
A yak comes into view.
A yak comes into view.
The yak bellows!
You puncture the yak!
The yak is moderately wounded.
You hear an angry hiss.
A yak comes into view. x2
The yak completely misses you.
You barely miss the yak.
The yak is moderately wounded.
The yak bellows!
The yak attacks as it pursues you! The yak closely misses you.
You see here a wolf corpse.
Your legs become a tail as you enter the water.
Your +0 pair of boots melds into your body.
You closely miss the yak.
The yak is moderately wounded.
The yak gores you.
You puncture the yak!
The yak is severely wounded.
You puncture the yak!
You kill the yak!
Fedhas appreciates your contribution to the ecosystem.
You block the yak's attack.
You puncture the yak!
Your tail-slap misses the yak.
The yak is heavily wounded.
You block the yak's attack.
You puncture the yak!
The yak is severely wounded.
You hit the yak.
The yak is severely wounded.
The yak completely misses you.
You puncture the yak!
You kill the yak!
Fedhas appreciates your contribution to the ecosystem.
You impale the yak!!
The yak is heavily wounded.
The yak misses you.
You closely miss the yak. You tail-slap the yak.
The yak is heavily wounded.
The yak closely misses you. The yak completely misses you.
You hit the yak.
The yak is severely wounded.
The yak closely misses you.
You puncture the yak!
You kill the yak!
Fedhas appreciates your contribution to the ecosystem.
You hit the yak.
Your tail-slap misses the yak.
The yak is lightly wounded.
The yak closely misses you. x2
You hit the yak. You tail-slap the yak.
The yak is moderately wounded.
You closely miss the yak.
You tail-slap the yak, but do no damage.
The yak is moderately wounded.
The yak completely misses you. The yak closely misses you.
You impale the yak!!
The yak is severely wounded.
The yak completely misses you. The yak barely misses you.
You completely miss the yak. You tail-slap the yak.
The yak is almost dead.
You puncture the yak!
You kill the yak!
Fedhas appreciates your contribution to the ecosystem.
The yak gores you.
You hit the yak.
The yak is lightly wounded.
You puncture the yak! You tail-slap the yak.
The yak is moderately wounded.
The yak completely misses you.
You puncture the yak!
The yak is severely wounded.
You impale the yak!!
You kill the yak!
Fedhas appreciates your contribution to the ecosystem.
You barely miss the yak.
You tail-slap the yak, but do no damage.
The yak misses you.
You puncture the yak! You tail-slap the yak.
The yak is moderately wounded.
You barely miss the yak.
The yak is moderately wounded.
You block the yak's attack.
You barely miss the yak.
You tail-slap the yak, but do no damage.
The yak is moderately wounded.
The yak closely misses you.
You puncture the yak!
Your tail-slap misses the yak.
The yak is severely wounded.
You puncture the yak!
The yak is almost dead.
The yak completely misses you.
You barely miss the yak.
Your tail-slap misses the yak.
The yak is almost dead.
You puncture the yak!
You kill the yak!
Fedhas appreciates your contribution to the ecosystem.
No target in view!
No target in view!
No target in view!
No target in view!
No target in view!
No target in view!
No target in view!
No target in view!
No target in view!
No target in view!
No target in view!
No target in view!
No target in view!
No target in view!
Your +0 pair of boots unmelds from your body.
Found 6 stones.
A water moccasin comes into view.
You see here 18 gold pieces.
A water moccasin is nearby!
The water moccasin hisses angrily.
You reach to attack!
You puncture the water moccasin!
The water moccasin is heavily wounded.
You puncture the water moccasin!
You kill the water moccasin!
Fedhas appreciates your contribution to the ecosystem.
No target in view!
No target in view!
No target in view!
No target in view!
No target in view!
No target in view!
No target in view!
No target in view!
No target in view!
No target in view!
You now have 923 gold pieces (gained 18).
Found a stone staircase leading down.
Found a stone.
N - 2 scrolls labelled URUATA UFODWA (gained 1)
Found a stone.
i - 4 potions of enlightenment (gained 1)
You now have 939 gold pieces (gained 16).
Found a stone.
You see here a stone.
j - 7 scrolls of teleportation (gained 1)
A water moccasin comes into view.
The water moccasin hisses angrily.
You walk carefully through the plants.
Your legs become a tail as you enter the water.
Your +0 pair of boots melds into your body.
The water moccasin closely misses you.
You puncture the water moccasin!
Your tail-slap misses the water moccasin.
The water moccasin is heavily wounded.
The water moccasin barely misses you.
You hit the water moccasin.
The water moccasin is severely wounded.
The water moccasin misses you.
You puncture the water moccasin!
You kill the water moccasin!
Fedhas appreciates your contribution to the ecosystem.
No target in view!
No target in view!
No target in view!
No target in view!
No target in view!
No target in view!
No target in view!
No target in view!
No target in view!
Your +0 pair of boots unmelds from your body.
A bullfrog comes into view.
A bullfrog is nearby!
A bullfrog is nearby!
You reach to attack!
You impale the bullfrog!!
The bullfrog is almost dead.
You hit the bullfrog.
The bullfrog is almost dead.
The bullfrog hits you but does no damage.
You hit the bullfrog.
You kill the bullfrog!
Fedhas appreciates your contribution to the ecosystem.
No target in view!
No target in view!
No target in view!
You see here a bullfrog corpse.
Found a ring mail.
Found a stone staircase leading down.
Your legs become a tail as you enter the water.
Your +0 pair of boots melds into your body.
You swim carefully through the plants.
Your +0 pair of boots unmelds from your body.
A water moccasin comes into view.
The water moccasin hisses angrily.
A water moccasin is nearby!
A water moccasin is nearby!
You hit the water moccasin.
The water moccasin is lightly wounded.
The water moccasin bites you.
You miss the water moccasin.
The water moccasin is lightly wounded.
You block the water moccasin's attack.
You completely miss the water moccasin.
The water moccasin is lightly wounded.
The water moccasin barely misses you.
You barely miss the water moccasin.
The water moccasin is lightly wounded.
The water moccasin bites you but does no damage.
You puncture the water moccasin!
The water moccasin is severely wounded.
The water moccasin bites you!
You puncture the water moccasin!
You kill the water moccasin!
Fedhas appreciates your contribution to the ecosystem.
No target in view!
You walk carefully through the plants.
Your legs become a tail as you enter the water.
Your +0 pair of boots melds into your body.
Your +0 pair of boots unmelds from your body.
You walk carefully through the plants.
Found a stone staircase leading down.
Your legs become a tail as you enter the water.
Your +0 pair of boots melds into your body.
You swim carefully through the plants.
You swim carefully through the plants.
Your +0 pair of boots unmelds from your body.
There is a stone staircase leading down here.
Your legs become a tail as you enter the water.
Your +0 pair of boots melds into your body.
Your +0 pair of boots unmelds from your body.
Your legs become a tail as you enter the water.
Your +0 pair of boots melds into your body.
Your +0 pair of boots unmelds from your body.
Your legs become a tail as you enter the water.
Your +0 pair of boots melds into your body.
Your +0 pair of boots unmelds from your body.
Your legs become a tail as you enter the water.
Your +0 pair of boots melds into your body.
Your +0 pair of boots unmelds from your body.
Your legs become a tail as you enter the water.
Your +0 pair of boots melds into your body.
Found a pair of boots.
Your +0 pair of boots unmelds from your body.
A wyvern and a rime drake come into view.
Found 30 gold pieces.
The wyvern hisses angrily.
The rime drake hisses angrily.
There are monsters nearby!
A torpor snail comes into view.
Being near the torpor snail leaves you feeling lethargic.
Your legs become a tail as you enter the water.
Your +0 pair of boots melds into your body.
Found a scroll labelled ZAMIEDDICRI.
You barely miss the wyvern. The wyvern barely misses you.
You hit the wyvern but do no damage. You block the wyvern's attack.
You block the rime drake's attack. The wyvern closely misses you.
You puncture the wyvern!
The wyvern is heavily wounded.
The wyvern misses you. The rime drake barely misses you.
You puncture the wyvern!
The wyvern is almost dead.
You block the wyvern's attack. The rime drake completely misses you.
You puncture the wyvern!
You kill the wyvern!
Fedhas appreciates your contribution to the ecosystem.
The rime drake bites you but does no damage.
You hit the rime drake but do no damage.
The rime drake breathes ice at you. The icy flash freeze hits you!
You are encased in ice.
You impale the rime drake!!
The rime drake is heavily wounded.
You block the rime drake's attack. The rime drake completely misses you.
You puncture the rime drake!
The rime drake is almost dead.
The rime drake closely misses you.
You impale the rime drake!!
You kill the rime drake!
Fedhas appreciates your contribution to the ecosystem.
You hit the torpor snail.
The torpor snail is lightly wounded.
The ice encasing you melts away.
You puncture the torpor snail!
The torpor snail is moderately wounded.
The torpor snail closely misses you.
You puncture the torpor snail!
You tail-slap the torpor snail, but do no damage.
The torpor snail is heavily wounded.
The torpor snail bites you!
You hit the torpor snail but do no damage.
You tail-slap the torpor snail.
The torpor snail is heavily wounded.
You puncture the torpor snail!
The torpor snail is severely wounded.
The torpor snail bites you!
You puncture the torpor snail!
The torpor snail is almost dead.
The torpor snail barely misses you.
You hit the torpor snail.
You tail-slap the torpor snail, but do no damage.
The torpor snail is almost dead.
You puncture the torpor snail!
You kill the torpor snail!
Fedhas appreciates your contribution to the ecosystem.
You feel yourself speed up.
Your Invocations skill increases to level 8!
No target in view!
No target in view!
No target in view!
No target in view!
No target in view!
No target in view!
No target in view!
No target in view!
No target in view!
No target in view!
No target in view!
No target in view!
No target in view!
No target in view!
No target in view!
Things that are here:
a torpor snail corpse; a rime drake corpse Your +0 pair of boots unmelds from your body.
W - a scroll of identify You now have 956 gold pieces (gained 17).
You now have 961 gold pieces (gained 5).
w - 3 scrolls labelled ZAMIEDDICRI (gained 1)
There is a cache of fruit here.
You now have 991 gold pieces (gained 30).
You see here a +0 pair of boots.
You now have 1009 gold pieces (gained 18).
You now have 1023 gold pieces (gained 14).
Done exploring.
As you read the scroll of identify, it crumbles to dust.
w - 3 scrolls of amnesia Done exploring.
Done exploring.
Done exploring.
Your legs become a tail as you enter the water.
Your +0 pair of boots melds into your body.
Your +0 pair of boots unmelds from your body.
Your legs become a tail as you enter the water.
Your +0 pair of boots melds into your body.
Your +0 pair of boots unmelds from your body.
Your legs become a tail as you enter the water.
Your +0 pair of boots melds into your body.
Your +0 pair of boots unmelds from your body.
Your legs become a tail as you enter the water.
Your +0 pair of boots melds into your body.
Your +0 pair of boots unmelds from your body.
Your legs become a tail as you enter the water.
Your +0 pair of boots melds into your body.
Your +0 pair of boots unmelds from your body.
Your legs become a tail as you enter the water.
Your +0 pair of boots melds into your body.
Your +0 pair of boots unmelds from your body.
A komodo dragon comes into view.
The komodo dragon hisses angrily.
You puncture the komodo dragon!
The komodo dragon is moderately wounded.
You hit the komodo dragon.
The komodo dragon is moderately wounded.
You block the komodo dragon's attack.
You puncture the komodo dragon!
The komodo dragon is severely wounded.
The komodo dragon bites you but does no damage.
You puncture the komodo dragon!
The komodo dragon is severely wounded.
You barely miss the komodo dragon.
The komodo dragon is severely wounded.
The komodo dragon bites you!!
You hit the komodo dragon.
The komodo dragon is almost dead.
The komodo dragon barely misses you.
You puncture the komodo dragon!
You kill the komodo dragon!
Fedhas appreciates your contribution to the ecosystem.
No target in view!
No target in view!
No target in view!
No target in view!
No target in view!
No target in view!
No target in view!
No target in view!
No target in view!
No target in view!
No target in view!
Done exploring.
You can't go down here!
There is a stone staircase leading down here.
You climb downwards.
The black mamba hisses angrily.
The cane toad croaks.
The bullfrog croaks.
Found a potion of lignification.
Found a stone staircase leading up.
There is a stone staircase leading up here.
There are monsters nearby!
You reach to attack!
You closely miss the cane toad.
You reach to attack!
You puncture the cane toad!
The cane toad is moderately wounded.
The cane toad stings you. The black mamba bites you!
You climb upwards.
There is a stone staircase leading down here.
You puncture the cane toad!
The cane toad is heavily wounded.
The cane toad barely misses you.
You hit the cane toad.
The cane toad is severely wounded.
The cane toad stings you but does no damage.
You puncture the cane toad!
The cane toad is almost dead.
You puncture the cane toad!
You kill the cane toad!
Fedhas appreciates your contribution to the ecosystem.
No target in view!
No target in view!
No target in view!
No target in view!
No target in view!
No target in view!
No target in view!
No target in view!
No target in view!
No target in view!
No target in view!
No target in view!
No target in view!
You start resting.
HP restored.
Your legs become a tail as you enter the water.
Your +0 pair of boots melds into your body.
Your +0 pair of boots unmelds from your body.
There is a stone staircase leading down here.
You climb downwards.
The bullfrog croaks.
You hear a roar!
There is a stone staircase leading up here.
The bullfrog hits you but does no damage.
You barely miss the bullfrog. The bullfrog barely misses you.
You puncture the bullfrog!
The bullfrog is moderately wounded.
The bullfrog misses you.
You impale the bullfrog!!
You kill the bullfrog!
Fedhas appreciates your contribution to the ecosystem.
No target in view!
No target in view!
An eight-headed hydra comes into view.
The eight-headed hydra roars!
An eight-headed hydra is nearby!
An eight-headed hydra is nearby!
You reach to attack!
You barely miss the eight-headed hydra.
You reach to attack!
You impale the eight-headed hydra!!
The eight-headed hydra is moderately wounded.
You hit the eight-headed hydra.
The eight-headed hydra is moderately wounded.
The eight-headed hydra bites you.
The eight-headed hydra closely misses you.
The eight-headed hydra bites you but does no damage.
The eight-headed hydra bites you.
The eight-headed hydra closely misses you.
You block the eight-headed hydra's attack.
The eight-headed hydra bites you! The eight-headed hydra bites you.
You puncture the eight-headed hydra!
The eight-headed hydra is heavily wounded.
You impale the eight-headed hydra!!
The eight-headed hydra is almost dead.
The eight-headed hydra bites you! The eight-headed hydra bites you. x2
The eight-headed hydra barely misses you.
The eight-headed hydra bites you!
The eight-headed hydra closely misses you. x3
You are too injured to fight recklessly!
You are too injured to fight recklessly!
You barely miss the eight-headed hydra.
The eight-headed hydra is almost dead.
The eight-headed hydra completely misses you.
The eight-headed hydra bites you!
* * * LOW HITPOINT WARNING * * *
The eight-headed hydra misses you.
You block the eight-headed hydra's attack.
The eight-headed hydra bites you but does no damage.
The eight-headed hydra completely misses you.
You block the eight-headed hydra's attack.
The eight-headed hydra bites you!
* * * LOW HITPOINT WARNING * * *
You puncture the eight-headed hydra!
You kill the eight-headed hydra!
Fedhas appreciates your contribution to the ecosystem.
HP restored.
You see here a hydra corpse.
Found a stone staircase leading down.
A malevolent force fills the Lair of Beasts...
You fall into a shaft and drop 1 floor!
The shaft crumbles and collapses.
You feel an oppressive heat about you.
There is an entrance to a volcano on this level.
Hurry and find it before the entrance collapses!
Found 26 gold pieces.
Unknown command.
Unknown command.
Okay, then.
Found a stone staircase leading down.
You now have 1049 gold pieces (gained 26).
There is a stone staircase leading down here.
Found a leather armour.
Found a hole to the Spider Nest.
Found a plate armour.
A wyvern comes into view.
The wyvern hisses angrily.
The wyvern barely misses you.
You hit the wyvern.
The wyvern is lightly wounded.
You hit the wyvern.
The wyvern is moderately wounded.
The wyvern bites you.
You closely miss the wyvern.
The wyvern is moderately wounded.
You block the wyvern's attack.
You puncture the wyvern!
The wyvern is severely wounded.
The wyvern closely misses you.
You closely miss the wyvern.
The wyvern is severely wounded.
The wyvern bites you.
You puncture the wyvern!
You kill the wyvern!
Fedhas appreciates your contribution to the ecosystem.
No target in view!
Found 9 gold pieces.
HP restored.
You hear the slow rumble of an avalanche of rocks very nearby.
Found a dark tunnel.
Okay, then.
Why would you want to do that?
A catoblepas and a five-headed hydra come into view.
The five-headed hydra roars!
The catoblepas breathes a plume of calcifying dust at you.
The blast of calcifying dust hits you.
The five-headed hydra is engulfed in calcifying dust.
The five-headed hydra is moving more slowly.
The five-headed hydra is engulfed in calcifying dust.
The five-headed hydra stops moving altogether!
The five-headed hydra is engulfed in calcifying dust. x2
You reach to attack!
You hit the catoblepas.
The catoblepas is lightly wounded.
The five-headed hydra is engulfed in calcifying dust.
You puncture the catoblepas!
The catoblepas is moderately wounded.
The catoblepas breathes a plume of calcifying dust at you.
The blast of calcifying dust hits you.
The five-headed hydra is engulfed in calcifying dust.
The five-headed hydra is engulfed in calcifying dust.
The catoblepas misses you.
You puncture the catoblepas!
The catoblepas is moderately wounded.
You hit the catoblepas.
The catoblepas is moderately wounded.
The catoblepas closely misses you.
Reach: M) +6 trident
Press: ? - help, Dir - move target, f - five-headed hydra, p - catoblepas
Aim: a five-headed hydra (petrified, about 2% to evade your +6 trident)
You reach to attack!
The helpless five-headed hydra fails to defend itself.
You impale the five-headed hydra!!
The five-headed hydra is moderately wounded.
The catoblepas barely misses you.
Reach: M) +6 trident
Press: ? - help, Dir - move target, f/p - five-headed hydra
Aim: a five-headed hydra (moderately wounded, petrified, about 2% to evade your +6 trident)
You reach to attack!
The helpless five-headed hydra fails to defend itself.
You puncture the five-headed hydra!
The five-headed hydra is moderately wounded.
Reach: M) +6 trident
Press: ? - help, Dir - move target, f/p - five-headed hydra
Aim: a five-headed hydra (moderately wounded, petrified, about 2% to evade your +6 trident)
You reach to attack!
The helpless five-headed hydra fails to defend itself.
You impale the five-headed hydra!!
The five-headed hydra is moderately wounded.
The catoblepas misses you.
Reach: M) +6 trident
Press: ? - help, Dir - move target, f/p - five-headed hydra
Aim: a five-headed hydra (moderately wounded, petrified, about 2% to evade your +6 trident)
You reach to attack!
The helpless five-headed hydra fails to defend itself.
You puncture the five-headed hydra!
The five-headed hydra is heavily wounded.
Reach: M) +6 trident
Press: ? - help, Dir - move target, f/p - five-headed hydra
Aim: a five-headed hydra (moderately wounded, petrified, about 2% to evade your +6 trident)
You reach to attack!
The helpless five-headed hydra fails to defend itself.
You puncture the five-headed hydra!
The five-headed hydra is heavily wounded.
The catoblepas gores you!
Reach: M) +6 trident
Press: ? - help, Dir - move target, f/p - five-headed hydra
Aim: a five-headed hydra (heavily wounded, petrified, about 2% to evade your +6 trident)
You reach to attack!
The helpless five-headed hydra fails to defend itself.
You impale the five-headed hydra!!
The five-headed hydra is severely wounded.
The five-headed hydra is no longer petrified.
You block the catoblepas's attack.
The catoblepas gores you but does no damage.
The catoblepas gores you.
The five-headed hydra attacks as it pursues you!
The five-headed hydra closely misses you.
You block the five-headed hydra's attack.
The five-headed hydra bites you.
The five-headed hydra closely misses you.
The five-headed hydra bites you but does no damage.
The catoblepas breathes a plume of calcifying dust at you.
The blast of calcifying dust hits you!
The five-headed hydra attacks as it pursues you!
The five-headed hydra completely misses you.
The five-headed hydra bites you but does no damage.
You block the five-headed hydra's attack.
The five-headed hydra closely misses you.
The five-headed hydra bites you.
The five-headed hydra is engulfed in calcifying dust.
The five-headed hydra is moving more slowly.
The five-headed hydra attacks as it pursues you!
The five-headed hydra bites you.
You block the five-headed hydra's attack.
The five-headed hydra bites you! The five-headed hydra bites you.
The five-headed hydra bites you but does no damage.
The catoblepas breathes a plume of calcifying dust at you.
The blast of calcifying dust hits the five-headed hydra!
The blast of calcifying dust hits you.
Reach: M) +6 trident
Press: ? - help, Dir - move target, f - catoblepas, p - five-headed hydra
Aim: a catoblepas (moderately wounded, about 7% to evade your +6 trident)
You reach to attack!
You hit the catoblepas but do no damage.
The catoblepas is moderately wounded.
The five-headed hydra is engulfed in calcifying dust.
The five-headed hydra stops moving altogether!
Reach: M) +6 trident
Press: ? - help, Dir - move target, f - five-headed hydra, p - catoblepas
Aim: a five-headed hydra (calcifying dust, heavily wounded, petrified, about 2% to evade your +6 trident)
You reach to attack!
The helpless five-headed hydra fails to defend itself.
You puncture the five-headed hydra!
The five-headed hydra is severely wounded.
The five-headed hydra is engulfed in calcifying dust.
Reach: M) +6 trident
Press: ? - help, Dir - move target, f/p - five-headed hydra
Aim: a five-headed hydra (calcifying dust, severely wounded, petrified, about 2% to evade your +6 trident)
You reach to attack!
The helpless five-headed hydra fails to defend itself.
You impale the five-headed hydra!!
The five-headed hydra is almost dead.
The five-headed hydra is engulfed in calcifying dust.
The catoblepas gores you!!
* * * LOW HITPOINT WARNING * * *
Aiming: Charm
Press: ? - help, Shift-Dir - straight line, f - catoblepas, p - five-headed hydra
Aim: a catoblepas (moderately wounded, chance to affect: 1%)
Okay, then.
Okay, then.
Aiming: Bolt of Light
Press: ? - help, Shift-Dir - straight line, f/p - five-headed hydra
Aim: a five-headed hydra (calcifying dust, almost dead, petrified, 100% to hit)
The bolt of light hits the catoblepas!
The catoblepas is heavily wounded.
The catoblepas is blinded.
The bolt of light hits the five-headed hydra!
The five-headed hydra is almost dead.
The five-headed hydra is blinded.
The five-headed hydra is engulfed in calcifying dust. x2
The catoblepas gores you!
* * * LOW HITPOINT WARNING * * *
Reach: M) +6 trident
Press: ? - help, Dir - move target, f - catoblepas, p - five-headed hydra
Aim: a catoblepas (heavily wounded, blind, unable to see you, about 7% to evade your +6 trident)
You completely miss the catoblepas.
The catoblepas is heavily wounded.
The five-headed hydra is engulfed in calcifying dust.
Aiming: Bolt of Light
Press: ? - help, Shift-Dir - straight line, f - five-headed hydra, p - catoblepas
Aim: a five-headed hydra (almost dead, petrified, blind, unable to see you, 100% to hit)
The bolt of light hits the catoblepas!
The catoblepas is severely wounded.
The bolt of light hits the five-headed hydra!
The five-headed hydra is almost dead.
The catoblepas closely misses you.
Reach: M) +6 trident
Press: ? - help, Dir - move target, f/p - five-headed hydra
Aim: a five-headed hydra (almost dead, petrified, blind, unable to see you, about 2% to evade your +6 trident)
You reach to attack!
The helpless five-headed hydra fails to defend itself.
You puncture the five-headed hydra!
You kill the five-headed hydra!
Fedhas appreciates your contribution to the ecosystem.
The catoblepas misses you.
Reach: M) +6 trident
Press: ? - help, Dir - move target, f - catoblepas
Aim: a catoblepas (severely wounded, blind, unable to see you, about 7% to evade your +6 trident)
You hit the catoblepas but do no damage.
The catoblepas is severely wounded.
The catoblepas gores you!!
You die...
Fedhas appreciates your contribution to the ecosystem.

#........[######
.............#.#####
..............###..## ##
...............#....## #.## ##
............#...#....###...##.##
.......[........##...P........P#
............#P...##.P...........
...........####..##............
..........## ##@.#§....≈...#
...........# ##.Y†.....#≈.#..#.
##.........P #.$........§.....#
##......... ####..#....#..#...
##........ #........#∩#
##......> ##...#....... #......
##....#§.≈≈.. ###...
#.....≈≈..≈#. .. ##..§§§..#≈


You could see a catoblepas (blind, unable to see you).

Vanquished Creatures
  2 hydras
  A boulder beetle (D:11)
  A centaur warrior (D:12)
  Erica (D:10)
  2 catoblepae (Lair:1)
  4 two-headed ogres
  Sonja (D:11)
  An arcanist (D:12)
  An ugly thing (D:12)
  A torpor snail (Lair:1)
  2 cane toads (Lair:1)
  Maggie (D:8)
  2 gargoyles (D:12)
  Jeremiah (D:8)
  An unseen horror (D:12)
  2 komodo dragons (Lair:1)
  3 rime drakes (Lair:1)
  3 red devils (D:9)
  A polar bear (Lair:1)
  4 trolls
  8 blink frogs (Lair:1)
  A hornet (D:11)
  2 slime creatures (D:11)
  2 vampires
  A wraith (D:12)
  2 shadows
  3 wyverns
  16 yaks
  4 basilisks (Lair:1)
  Grum (D:11)
  A steam dragon (D:6)
  5 water moccasins
  2 acid dragons
  14 orc warriors
  2 sky beasts
  4 black bears
  9 centaurs
  9 wolves
  2 ogres
  A phantom (D:6)
  2 kobold brigands
  6 bullfrogs
  2 gnoll sergeants
  6 scorpions
  15 wights
  14 killer bees
  3 electric eels
  4 lava snakes (D:10)
  2 bombardier beetles
  8 hounds
  7 orc priests
  2 gnoll boudas
  A sleepcap (D:7)
  6 iguanas
  7 orc wizards
  8 adders
  19 gnolls
  A shadow imp (D:7)
  2 white imps (D:6)
  3 dart slugs
  4 ribbon worms
  50 orcs
  7 endoplasms
  4 giant cockroaches
  9 goblins
  6 hobgoblins
  6 jackals
  22 kobolds
  4 quokkas
  10 ball pythons
  6 bats
  6 frilled lizards
  5 rats
381 creatures vanquished.

Vanquished Creatures (collateral kills)
  A cane toad (Lair:1)
  A yak (D:11)
  A centaur (D:9)
3 creatures vanquished.

Vanquished Creatures (others)
  A two-headed ogre (D:11)
  A wraith (D:12)
  A wolf (D:11)
3 creatures vanquished.

Grand Total: 387 creatures vanquished

Notes
Turn   | Place    | Note
-------+----------+-------------------------------------------
     0 | D:1      | sleeves the Merfolk Shapeshifter began the quest for the
                  | Orb.
     0 | D:1      | Reached XP level 1. HP: 15/15 MP: 1/1
    10 | D:1      | HP: 7/15 [dart slug/slug dart (3)]
   136 | D:1      | Reached skill level 3 in Dodging
   180 | D:1      | Reached XP level 2. HP: 22/22 MP: 2/2
   198 | D:1      | HP: 11/22 [quokka (3)]
   202 | D:1      | HP: 4/22 [kobold/+0 whip (4)]
   329 | D:1      | Reached skill level 2 in Fighting
   609 | D:1      | Found a faded altar of an unknown god.
   619 | D:1      | Reached XP level 3. HP: 26/28 MP: 3/3
   810 | D:2      | Reached skill level 4 in Dodging
  1366 | D:2      | Found Qoes's Antique Weapon Shoppe.
  1408 | D:2      | HP: 13/28 [adder (4)]
  1409 | D:2      | HP: 5/28 [constriction (2)]
  1411 | D:2      | Reached skill level 3 in Fighting
  1411 | D:2      | Reached XP level 4. HP: 4/35 MP: 4/4
  2056 | D:3      | HP: 14/35 [orc/+0 club (4)]
  2066 | D:3      | HP: 12/35 [orc/+0 short sword (4)]
  2074 | D:3      | Reached skill level 5 in Dodging
  2250 | D:3      | Reached XP level 5. HP: 39/41 MP: 5/5
  2300 | D:3      | Identified the blade talisman "Amuosm" {Dex+4}
  2967 | D:3      | Reached skill level 4 in Fighting
  3102 | D:4      | Noticed an ogre
  3134 | D:4      | Killed an ogre
  3135 | D:4      | Reached skill level 6 in Dodging
  3135 | D:4      | Reached XP level 6. HP: 49/49 MP: 6/6
  3297 | D:4      | HP: 24/49 [poisoned by a killer bee]
  3298 | D:4      | HP: 11/49 [killer bee (4)]
  3303 | D:4      | HP: 12/49 [killer bee (5)]
  3306 | D:4      | Reached skill level 1 in Polearms
  3308 | D:4      | HP: 15/75 [poisoned by a killer bee]
  3348 | D:4      | HP: 21/75 [killer bee (5)]
  3351 | D:4      | Reached skill level 5 in Fighting
  3351 | D:4      | Reached skill level 2 in Polearms
  3520 | D:4      | HP: 17/51 [gnoll/+1 whip of electrocution (18)]
  3525 | D:4      | Reached skill level 3 in Polearms
  3525 | D:4      | HP: 22/76 [poisoned by a killer bee]
  3532 | D:4      | HP: 15/76 [gnoll/+0 whip (3)]
  3721 | D:4      | HP: 22/51 [killer bee (9)]
  3724 | D:4      | Reached skill level 4 in Polearms
  3724 | D:4      | Reached XP level 7. HP: 16/56 MP: 7/7
  3726 | D:4      | HP: 13/56 [poisoned by a killer bee]
  3810 | D:4      | Reached skill level 5 in Polearms
  3930 | D:4      | HP: 28/56 [poisoned by a scorpion]
  3935 | D:4      | HP: 30/84 [poisoned by a scorpion]
  3940 | D:4      | HP: 25/84 [poisoned by a scorpion]
  4105 | D:4      | HP: 28/56 [black bear (1)]
  4109 | D:4      | Reached skill level 6 in Polearms
  4647 | D:4      | Reached skill level 7 in Polearms
  4782 | D:5      | Entered Level 5 of the Dungeon
  4846 | D:5      | Found an iron altar of Okawaru.
  4874 | D:5      | Found a broken altar of Ashenzari.
  4962 | D:5      | Found a shimmering altar of Xom.
  5054 | D:5      | Found a glowing silver altar of Zin.
  5110 | D:5      | Reached XP level 8. HP: 60/62 MP: 8/8
  5184 | D:5      | Reached skill level 8 in Polearms
  5279 | D:5      | Found a sacrificial altar of Ru.
  5561 | D:5      | Reached skill level 9 in Polearms
  5590 | D:5      | Found Taut's CLEARANCE SALE!.
  5596 | D:5      | Bought a scroll of teleportation for 15 gold pieces
  5596 | D:5      | Bought a scroll of fear for 20 gold pieces
  5596 | D:5      | Bought a scroll of summoning for 47 gold pieces
  5631 | D:5      | Found an ancient bone altar of Kikubaaqudgha.
  5817 | D:6      | HP: 25/62 [gnoll sergeant/+0 trident (12)]
  5961 | D:6      | HP: 46/93 [gnoll/+2 whip of electrocution[a gnoll sergeant]
                  | (4)]
  6031 | D:6      | HP: 30/62 [wight/+0 war axe (6)]
  6034 | D:6      | Reached skill level 10 in Polearms
  6263 | D:6      | Reached skill level 11 in Polearms
  6466 | D:6      | Found Tufuqim's Armour Shop.
  6482 | D:6      | Reached skill level 12 in Polearms
  6482 | D:6      | Reached XP level 9. HP: 38/68 MP: 9/9
  6951 | D:6      | Found a basalt altar of Yredelemnul.
  7056 | D:6      | Got the Compendium of the Impact and Ill Luck
  7352 | D:7      | Reached skill level 13 in Polearms
  7735 | D:7      | Reached skill level 14 in Polearms
  8037 | D:7      | Reached skill level 15 in Polearms
  8071 | D:7      | Found a staircase to the Ecumenical Temple.
  8084 | Temple   | Entered the Ecumenical Temple
  8654 | D:8      | Found Weliv's Book Emporium.
  8759 | D:8      | Reached XP level 10. HP: 53/74 MP: 10/10
  8854 | D:8      | Noticed Maggie
  8873 | D:8      | Killed Maggie
  8874 | D:8      | Reached skill level 16 in Polearms
  9409 | D:8      | Noticed Jeremiah
  9419 | D:8      | HP: 26/73 [Jeremiah/divine providence (11)]
  9615 | D:8      | Killed Jeremiah
  9616 | D:8      | Reached skill level 7 in Dodging
  9909 | D:9      | HP: 28/72 [red devil/+0 trident (11)]
 10074 | D:9      | HP: 34/72 [red devil/+0 trident (4)]
 10076 | D:9      | HP: 14/72 [barbs]
 10281 | D:9      | Reached skill level 6 in Fighting
 10285 | D:9      | HP: 37/76 [red devil/+0 trident (15)]
 10287 | D:9      | Reached skill level 8 in Dodging
 10693 | D:9      | HP: 36/77 [red devil/+0 spear (12)]
 10695 | D:9      | Reached skill level 7 in Fighting
 10843 | D:9      | HP: 30/79 [orc warrior/+6 trident (15)]
 10845 | D:9      | HP: 11/79 [centaur/arrow (5)]
 10854 | D:9      | Reached skill level 9 in Dodging
 10855 | D:9      | HP: 8/79 [orc warrior/+6 trident (2)]
 11245 | D:9      | Found an ornate altar of the Wu Jian Council.
 11311 | D:9      | Found a blossoming altar of Fedhas.
 11427 | D:9      | Became a worshipper of Fedhas Madash
 11655 | D:9      | Noticed a two-headed ogre
 11735 | D:9      | Killed a two-headed ogre
 11736 | D:9      | Reached skill level 8 in Fighting
 11736 | D:9      | Reached skill level 10 in Dodging
 11736 | D:9      | Reached XP level 11. HP: 51/87 MP: 11/11
 12230 | D:9      | Reached * piety under Fedhas
 12308 | D:9      | Found a glowing golden altar of the Shining One.
 12308 | D:9      | Found a shadowy altar of Dithmenos.
 12580 | D:10     | Entered Level 10 of the Dungeon
 12697 | D:10     | Reached skill level 9 in Fighting
 12911 | D:11     | Noticed a two-headed ogre
 12929 | D:10     | Reached skill level 11 in Dodging
 13148 | D:11     | Noticed a two-headed ogre
 13166 | D:11     | Killed a two-headed ogre
 13239 | D:11     | Noticed a boulder beetle
 13242 | D:11     | Noticed a two-headed ogre
 13391 | D:10     | HP: 25/89 [two-headed ogre/+0 giant spiked club (21)]
 13394 | D:10     | Killed a two-headed ogre
 13673 | D:11     | HP: 34/90 [boulder beetle (17)]
 13693 | D:11     | Killed a boulder beetle
 13694 | D:11     | Reached skill level 10 in Fighting
 13694 | D:11     | Reached skill level 12 in Dodging
 13937 | D:11     | Noticed Grum
 13960 | D:11     | HP: 39/90 [Grum/+0 glaive (16)]
 13966 | D:11     | Killed Grum
 13974 | D:11     | HP: 36/91 [wolf[Grum] (7)]
 14597 | D:10     | Reached ** piety under Fedhas
 14710 | D:10     | Found a staircase to the Lair.
 14894 | D:10     | Noticed Erica
 14902 | D:10     | HP: 45/92 [constriction (4)]
 14907 | D:10     | HP: 18/92 [Erica/+4 scimitar of flaming (9)]
 14911 | D:10     | Killed Erica
 15180 | D:10     | Reached skill level 13 in Dodging
 15183 | D:10     | Reached skill level 11 in Fighting
 15373 | D:10     | Reached XP level 12. HP: 64/100 MP: 12/12
 15547 | D:11     | Reached skill level 1 in Invocations
 15625 | D:11     | HP: 48/100 [orc warrior/+0 trident (8)]
 15632 | D:11     | HP: 39/100 [orc warrior/+0 trident (11)]
 15642 | D:11     | HP: 40/100 [orc/+0 flail (1)]
 15653 | D:11     | Reached skill level 2 in Invocations
 15897 | D:11     | Noticed Sonja
 15901 | D:11     | Killed Sonja
 16132 | D:11     | Reached *** piety under Fedhas
 16390 | D:12     | HP: 49/100 [gargoyle/stone arrow (16)]
 16393 | D:12     | Reached skill level 3 in Invocations
 16588 | D:12     | Noticed a two-headed ogre
 16632 | D:12     | Killed a two-headed ogre
 16763 | D:11     | Reached skill level 14 in Dodging
 16763 | D:11     | Reached skill level 4 in Invocations
 16947 | D:12     | HP: 51/102 [acid (5)]
 16955 | D:12     | HP: 44/102 [something/magic dart (8)]
 17144 | D:11     | Reached skill level 12 in Fighting
 17307 | D:12     | HP: 51/102 [orc/+0 short sword (3)]
 17489 | D:12     | Noticed a centaur warrior
 17490 | D:12     | Found a staircase to the Orcish Mines.
 17496 | D:12     | HP: 50/102 [centaur/arrow[a centaur warrior] (4)]
 17500 | D:12     | Killed a centaur warrior
 17501 | D:12     | Reached skill level 5 in Invocations
 17900 | D:12     | Found a portal to a secret trove of treasure.
 18114 | D:13     | Noticed a two-headed ogre
 18116 | D:13     | Noticed an ogre mage
 18122 | D:13     | Noticed a two-headed ogre
 18243 | Lair:1   | Entered Level 1 of the Lair of Beasts
 18243 | Lair:1   | Noticed a catoblepas
 18449 | Lair:1   | Killed a catoblepas
 18628 | Lair:1   | Reached skill level 6 in Invocations
 18850 | Lair:1   | Reached skill level 15 in Dodging
 18894 | Lair:1   | Reached **** piety under Fedhas
 18945 | Lair:1   | Noticed a catoblepas
 18961 | Lair:1   | Reached XP level 13. HP: 99/109 MP: 17/17
 19015 | Lair:1   | HP: 35/109 [catoblepas (21)]
 19031 | Lair:1   | Reached skill level 13 in Fighting
 19287 | Lair:1   | Reached skill level 7 in Invocations
 19863 | Lair:1   | Reached skill level 8 in Invocations
 20176 | Lair:2   | HP: 50/111 [eight-headed hydra (11)]
 20365 | Lair:2   | You fall into a shaft and drop 1 floor!
 20384 | Lair:3   | Found a hole to the Spider Nest.
 20419 | Lair:3   | Found a dark tunnel.
 20450 | Lair:3   | HP: 39/112 [catoblepas (23)]
 20455 | Lair:3   | Mangled by a catoblepas

Illustrated notes

Levels and vault maps discovered:
D:1:      psy_arrival_terrarium, layout_basic,
          hellmonk_ecumenical_altar_dog_temple, grunt_decor_arrowhead
D:2:      layout_basic, serial_shops, nicolae_shop_back_alley_shop
D:3:      minmay_angry_zag, layout_loops_cross, portal_sewer_entry_b
D:4:      layout_basic, serial_curves, eino_curves_01, eino_curves_02,
          minmay_strange_pillars
D:5:      layout_loops_cross, nicolae_ashenzari_skybound, zin_academy,
          mainiacjoe_overflow_alcove_4, mainiacjoe_overflow_catch_the_wave,
          marbit_many_paths, nicolae_shop_clearance
D:6:      layout_loops_ring, old_standard_altar, serial_shops, shop
D:7:      layout_basic, minmay_temple_entry_offerings
D:8:      layout_loops_ring, serial_shops, shop, uniq_jeremiah, uniq_maggie
D:9:      layout_layer_cave, fedhas_bush_and_centaur_altar,
          mainiacjoe_overflow_small_starburst, gammafunk_temple_overflow_pools,
          einodemon_armed_red_devil_minivault
D:10:     erik_rubicon_a, layout_long_grid, erik_lair_island, uniq_erica
D:11:     layout_rooms, serial_corexii_hall, corexii_hall_statues_i,
          corexii_hall_statues_i, special_room [special_room_orc], uniq_grum,
          uniq_sonja
D:12:     layout_basic, david_orc_4, nicolae_trove_entry_diagonal
D:13:     layout_cave_pools, grunt_vaults_entry_tiered, uniq_jorgrun
Temple:   minmay_temple_curvy_loop
Lair:1:   regret_index_malice_mire, layout_gridlike, serial_bayou_pond_c,
          serial_bayou_shore_a, lemuel_fruit_tree, serial_bayou_shore_b
Lair:2:   layout_small_grid, swamp_mist
Lair:3:   layout_cave_pods, dummy_spider_entry, nicolae_volcano_entry_lava_flow,
          infiniplex_staircase_pool

Skill      XL: |  1  2  3  4  5  6  7  8  9 10 11 12 13 |
---------------+----------------------------------------+-----
Dodging        | 3 4 5 6 10 13 15 | 15.0
Fighting       | 2 3 4 5 8 11 12 13 | 13.8
Polearms       | 4 7 12 15 16 | 16.0
Invocations    | 6 8 |  8.5
Unarmed Combat | |  3.2
Shapeshifting  | |  4.0

Action                     |  1- 3 |  4- 6 |  7- 9 | 10-12 | 13-15 || total
---------------------------+-------+-------+-------+-------+-------++-------
  Melee: Unarmed           |   116 |   187 |       |       |       ||   303
         Punch             |     2 |     5 |       |       |       ||     7
         Trident           |       |    25 |   200 |   738 |   183 ||  1146
         Spear             |       |       |   137 |       |       ||   137
         Halberd           |       |       |   120 |   128 |       ||   248
         Tailslap          |       |       |       |     2 |    12 ||    14
  Throw: Dart              |       |     3 |     2 |    37 |       ||    42
         Boomerang         |       |       |     6 |     3 |       ||     9
Ability: Begin Untransform |       |       |     1 |       |       ||     1
  Evoke: Wand              |       |     2 |       |    23 |     2 ||    27
    Use: Potion            |       |     4 |     2 |       |       ||     6
         Scroll            |       |       |     1 |     8 |     1 ||    10
   Stab: Sleeping          |     2 |     1 |       |       |       ||     3
         Distracted        |       |     1 |       |       |       ||     1
         Petrified         |       |       |       |       |     9 ||     9
 Armour: Animal skin       |    45 |       |       |       |       ||    45
         Leather armour    |    35 |    99 |    47 |       |       ||   181
         Skin              |       |    15 |    16 |       |       ||    31
         Ring mail         |       |       |   138 |    37 |       ||   175
         Swamp dragon scal |       |       |       |   318 |    62 ||   380
  Dodge: Dodged            |    73 |   121 |   182 |   364 |    72 ||   812
  Block: Buckler           |       |       |     6 |     3 |    25 ||    34

Table legend: (Time is in decaauts)
 A = Elapsed time spent in this place.
 B = Non-inter-level travel time spent in this place.
 C = Inter-level travel time spent in this place.
 D = Time resting spent in this place.
 E = Time spent auto-exploring this place.
 F = Levels seen in this place.
 G = Mean time per level.
                   A        B        C        D        E       F      G
               +--------+--------+--------+--------+--------+-----+--------+
         Total |  19908 |  19194 |    714 |   2860 |  13262 |  17 | 1171.1 |
       Dungeon |  17745 |  17136 |    609 |   2697 |  11784 |  13 | 1365.0 |
        Temple |     86 |     43 |     43 |      0 |      0 |   1 |   86.0 |
          Lair |   2076 |   2015 |     61 |    162 |   1478 |   3 |  692.0 |
               +--------+--------+--------+--------+--------+-----+--------+

Top non-repeatable levels by time:
     D:9: 2390 daAuts
    D:10: 2151 daAuts
  Lair:1: 1793 daAuts
    D:11: 1714 daAuts
     D:4: 1675 daAuts
    D:12: 1562 daAuts
     D:7: 1367 daAuts
     D:8: 1355 daAuts
     D:5: 1234 daAuts
     D:6: 1187 daAuts
     D:3: 1177 daAuts
     D:2: 1151 daAuts
     D:1: 764 daAuts
  Lair:2: 201 daAuts
  Temple: 86 daAuts
